 Dungeon Crawl Stone Soup version 0.27.0-1-g7a089689b8 (webtiles) character file.

Game seed: 16697990332343515741

595 MrDassem the Grappler (level 7, 0/60 HPs)
             Began as a Minotaur Fighter on Aug 14, 2021.
             Slain by an ogre (17 damage)
             ... on level 4 of the Dungeon.
             The game lasted 00:06:58 (4659 turns).

MrDassem the Grappler (Minotaur Fighter)            Turns: 4659, Time: 00:06:59

Health: 0/60       AC:  6    Str: 22    XL:     7   Next: 16%
Magic:  6/6        EV:  7    Int:  5    God:
Gold:   355        SH:  9    Dex: 10    Spells: 6/6 levels left

rFire    . . .     SeeInvis .     - Unarmed
rCold    . . .     Faith    .   b - +0 kite shield
rNeg     . . .     Spirit   .   a - +0 scale mail
rPois    .         Reflect  .   (helmet restricted)
rElec    .         Harm     .   (no cloak)
rCorr    .         Rampage  .   (no gloves)
Will     .....                  (no boots)
Stlth    ..........             (no amulet)
HPRegen  0.20/turn              (no ring)
MPRegen  0.10/turn              (no ring)

@: no status effects
A: horns 2, retaliatory headbutt
a: no special abilities


You were on level 4 of the Dungeon.
You visited 1 branch of the dungeon, and saw 5 of its levels.
You also visited: Sewer.

You collected 355 gold pieces.

Inventory:

Armour
 a - a +0 scale mail (worn)
 b - a +0 kite shield (worn)
Jewellery
 g - a ring of protection from fire
Wands
 q - a wand of mindburst (10)
Scrolls
 d - a scroll of blinking {unknown}
 e - a scroll of fog {unknown}
 h - a scroll of teleportation {unknown}
 i - a scroll of identify {unknown}
 l - 2 scrolls of magic mapping {unknown}
 m - 2 scrolls of enchant armour {unknown}
 n - 2 scrolls of summoning {unknown}
 s - a scroll of vulnerability {unknown}
Potions
 c - 4 potions of might
 f - 2 potions of heal wounds {unknown}
 j - a potion of magic {unknown}
 k - a potion of brilliance {unknown}
 o - a potion of resistance {unknown}
 p - a potion of haste
 r - a potion of curing {unknown}


   Skills:
 - Level 4.7 Fighting
 - Level 3.6 Armour
 - Level 3.6 Shields
 * Level 8.3 Unarmed Combat


You had 6 spell levels left.
You didn't know any spells.
Your spell library contained the following spells:

 Spells                   Type           Power      Damage    Failure   Level
 Passwall                 Tmut/Erth      0%         N/A       100%        2
 Dazzling Flash           Conj/Hex       0%         N/A       100%        3
 Swiftness                Air            0%         N/A       100%        3
 Iskenderun's Mystic Bla  Conj/Tloc      0%         2d3       100%        4
 Invisibility             Hex            0%         N/A       100%        6
 Starburst                Conj/Fire      0%         8x6d3     100%        6


Dungeon Overview and Level Annotations

Branches:
Dungeon (5/15)              Sewer (visited)
 Temple: D:4-7

Altars:


Innate Abilities, Weirdness & Mutations

You have a pair of horns on your head.
You reflexively headbutt those who attack you in melee.


Message History

The orc hits you with a +1 mace of protection.
You hit the orc.
The orc is almost dead.
An ogre comes into view. It is wielding a +0 giant spiked club.
You closely miss the orc.
The orc is almost dead.
You block the ogre's attack. The orc hits you with a +0 hand axe.
You hit the orc but do no damage.
The orc is almost dead.
You block the orc's attack.
The ogre hits you with a +0 giant spiked club!!
An orc comes into view. It is wielding a +0 club.
The orc shouts!
You are too injured to fight recklessly!
You are too injured to fight recklessly!
You are too injured to fight recklessly!
You are too injured to fight recklessly!
You are too injured to fight recklessly!
You are too injured to fight recklessly!
You are too injured to fight recklessly!
You are too injured to fight recklessly!
You are too injured to fight recklessly!
You are too injured to fight recklessly!
You are too injured to fight recklessly!
You are too injured to fight recklessly!
You are too injured to fight recklessly!
You are too injured to fight recklessly!
You punch the orc!
You kill the orc!
The ogre barely misses you.
Your shield and scale mail prevent you from hitting the orc.
The orc is severely wounded.
You block the orc's attack.
The ogre hits you with a +0 giant spiked club!
* * * LOW HITPOINT WARNING * * *
You hit the orc but do no damage.
The orc is severely wounded.
The orc hits you but does no damage.
The ogre hits you with a +0 giant spiked club!
You die...

#.. ##.# #..#
##########..#
............#
........##..#
.#####...#..# #
.......#....#######..#
######...##.....@oo..#
##.#######O####.# #.#
#........ #.#
###g##.## .# ... ...
..... .... ....


You could see an ogre and 2 orcs.

Vanquished Creatures
  A black bear (D:5)
  A necrophage (D:5)
  2 scorpions
  A wyvern zombie (D:5)
  A vampire bat (D:5)
  An iguana (D:5)
  3 adders
  A white imp (D:4)
  An ufetubus (D:2)
  A worm (D:2)
  4 dart slugs
  8 orcs
  5 endoplasms
  4 giant cockroaches
  7 goblins
  6 hobgoblins
  18 jackals
  5 quokkas
  12 ball pythons
  12 bats
  8 frilled lizards
  14 kobolds
  2 rats
118 creatures vanquished.

Vanquished Creatures (others)
  3 fungi
  5 plants (Sewer)
  5 toadstools (D:3)
13 creatures vanquished.

Grand Total: 131 creatures vanquished

Notes
Turn   | Place    | Note
-------+----------+-------------------------------------------
     0 | D:1      | MrDassem the Minotaur Fighter began the quest for the Orb.
     0 | D:1      | Reached XP level 1. HP: 19/19 MP: 0/0
   101 | D:1      | Reached XP level 2. HP: 27/27 MP: 1/1
   347 | D:1      | Reached skill level 3 in Unarmed Combat
   666 | D:1      | Found a faded altar of an unknown god.
   733 | D:2      | Reached XP level 3. HP: 33/34 MP: 2/2
  1242 | D:2      | Noticed a scorpion
  1253 | D:2      | Killed a scorpion
  1254 | D:2      | Reached skill level 4 in Unarmed Combat
  1254 | D:2      | Reached XP level 4. HP: 13/41 MP: 3/3
  1789 | D:2      | Reached skill level 5 in Unarmed Combat
  1927 | D:3      | Reached XP level 5. HP: 44/47 MP: 4/4
  2070 | D:3      | You fall into a shaft and drop 2 floors!
  2070 | D:5      | Entered Level 5 of the Dungeon
  2118 | D:5      | Found a glowing drain.
  2140 | Sewer    | Entered a sewer
  3237 | D:5      | Reached skill level 6 in Unarmed Combat
  3312 | D:5      | Noticed a necrophage
  3336 | D:5      | Killed a necrophage
  3337 | D:5      | Reached XP level 6. HP: 41/53 MP: 5/5
  3344 | D:5      | Reached skill level 7 in Unarmed Combat
  3717 | D:4      | Reached skill level 8 in Unarmed Combat
  3717 | D:4      | Reached XP level 7. HP: 50/60 MP: 6/6
  4659 | D:4      | Slain by an ogre

Illustrated notes

Levels and vault maps discovered:
D:1:      mrwooster_arrival_statue, layout_basic,
          dreamdust_ecumenical_altar_hidden_monk_grotto, minmay_octomino_j4
D:2:      layout_loops_ring
D:3:      layout_basic, hangedman_decor_points, chequers_serial_rivers_room_b,
          minmay_gold_behind_fungi
D:4:      minmay_inner_zag, layout_loops_ring, uniq_crazy_yiuf_cottage,
          uniq_sigmund
D:5:      layout_basic, portal_sewer_entry_f, roderic_batcave

Skill      XL: |  1  2  3  4  5  6 |
---------------+-------------------+-----
Fighting       | 4 |  4.7
Unarmed Combat | 3 4 5 6 8 |  8.3
Armour         | |  3.6
Shields        | |  3.6

Action                   |  1- 3 |  4- 6 |  7- 9 || total
-------------------------+-------+-------+-------++-------
Melee: Unarmed           |   102 |   172 |    59 ||   333
       Headbutt          |    16 |    28 |     8 ||    52
Armor: Scale mail        |    42 |    73 |    12 ||   127
Dodge: Dodged            |    38 |    52 |    12 ||   102
Block: Kite shield       |    55 |   100 |    28 ||   183
